TOP OF THE 1ST |
San Antonio BC batting - Pitching for Durham Rapiers : RHP Karl Dandleton
|
Pitching: RHP Karl Dandleton
|
|
Batting: LHB Sidney Dollarhide
|
0-0: Swinging Strike 0-1: Called Strike 0-2: Foul Ball, location: 2F 0-2: Ball 1-2: Foul Ball, location: 2F 1-2: Strikes out looking
|
Batting: RHB Alfonso Torres
|
0-0: Ball 1-0: Called Strike 1-1: Ball 2-1: Foul Ball, location: 2F 2-2: Foul Ball, location: 2F 2-2: Strikes out swinging
|
Batting: RHB Mike Howard
|
0-0: Foul Ball, location: 2F 0-1: Ball 1-1: Ground out 6-3 (Groundball, 6)
|
Top of the 1st over - 0 runs, 0 hits, 0 errors, 0 left on base; San Antonio 0 - Durham 0 |
BOTTOM OF THE 1ST |
Durham Rapiers batting - Pitching for San Antonio BC : RHP Dru Krebs
|
Pitching: RHP Dru Krebs
|
|
Batting: RHB Harlan Thompson
|
0-0: Ball 1-0: Foul Ball, location: 2F 1-1: Bunt for hit - play at first, batter OUT! 5-3
|
Batting: LHB Steve Costillo
|
0-0: Ball 1-0: Ball 2-0: Ball 3-0: Called Strike 3-1: Base on Balls
|
Batting: RHB Juan Guzmán
|
0-0: Ball 1-0: Called Strike 1-1: Ball 2-1: Foul Ball, location: 2F 2-2: Ball 3-2: Strikes out looking
|
Batting: RHB Mun-wah Law
|
0-0: Called Strike 0-1: Called Strike 0-2: Foul Ball, location: 2F Pickoff Throw to First - Out!
|
Bottom of the 1st over - 0 runs, 0 hits, 0 errors, 0 left on base; San Antonio 0 - Durham 0 |
TOP OF THE 2ND |
San Antonio BC batting - Pitching for Durham Rapiers : RHP Karl Dandleton
|
Batting: RHB Chet Mathis
|
0-0: Ball 1-0: Ball 2-0: Called Strike 2-1: Fly out, F9 (Line Drive, 9)
|
Batting: RHB José Salinas
|
0-0: Called Strike 0-1: Foul Ball, location: 2F 0-2: Foul Ball, location: 2F 0-2: Ball 1-2: Ball 2-2: Foul Ball, location: 2F 2-2: Foul Ball, location: 2F 2-2: Ground out 5-3 (Groundball, 5)
|
Batting: RHB Silverberry Mouhon
|
0-0: Called Strike 0-1: Foul Ball, location: 2F 0-2: Foul Ball, location: 2F 0-2: Strikes out looking
|
Top of the 2nd over - 0 runs, 0 hits, 0 errors, 0 left on base; San Antonio 0 - Durham 0 |
BOTTOM OF THE 2ND |
Durham Rapiers batting - Pitching for San Antonio BC : RHP Dru Krebs
|
Batting: RHB Mun-wah Law
|
0-0: Ball 1-0: Ball 2-0: Foul Ball, location: 2F 2-1: Ball 3-1: Fly out, F9 (Flyball, 89M)
|
Batting: RHB Qwuntrezz Knight
|
0-0: Ground out 6-3 (Groundball, 6)
|
Batting: RHB Huai-yi Yang
|
0-0: Hit by Pitch
|
Batting: RHB Scotty Glenn
|
0-0: Called Strike 0-1: SINGLE (Groundball, 56S) (infield hit) Huai-yi Yang to second
|
Batting: RHB Tso-i Wang
|
0-0: Ball 1-0: Foul Ball, location: 2F 1-1: Called Strike 1-2: Ball 2-2: Ball 3-2: Foul Ball, location: 2F 3-2: Strikes out looking
|
Bottom of the 2nd over - 0 runs, 1 hit, 0 errors, 2 left on base; San Antonio 0 - Durham 0 |
TOP OF THE 3RD |
San Antonio BC batting - Pitching for Durham Rapiers : LHP Bill Minor
|
Pitching: LHP Bill Minor
|
|
Batting: SHB Tom Chagolla
|
0-0: Swinging Strike 0-1: Foul Ball, location: 2F 0-2: Foul Ball, location: 2F 0-2: Ball 1-2: Foul Ball, location: 2F 1-2: Foul Ball, location: 2F 1-2: Ball 2-2: DOUBLE (Line Drive, 9LM)
|
Batting: RHB Brodie Floyd
|
0-0: Swinging Strike 0-1: Called Strike 0-2: Foul Ball, location: 2F 0-2: Ball 1-2: Strikes out swinging
|
Batting: RHB Tong-sik Im
|
0-0: Ball 1-0: SINGLE (Groundball, 56D) Tom Chagolla to third Runner from 3rd tries for Home, SAFE, no throw
|
Batting: LHB Sidney Dollarhide
|
0-0: Ball 1-0: Foul Ball, location: 2F 1-1: Called Strike 1-2: Ball 2-2: Ball 3-2: Foul Ball, location: 2F 3-2: Foul Ball, location: 2F 3-2: Foul Ball, location: 2F 3-2: Fielders Choice at 2nd, 1-6 (Groundball, 13)
|
Pitching: RHP Travis Arai
|
|
Batting: RHB Alfonso Torres
|
0-0: Ball 1-0: Called Strike 1-1: Ball 2-1: Called Strike 2-2: Strikes out swinging
|
Top of the 3rd over - 1 run, 2 hits, 0 errors, 1 left on base; San Antonio 1 - Durham 0 |
BOTTOM OF THE 3RD |
Durham Rapiers batting - Pitching for San Antonio BC : RHP Dru Krebs
|
Batting: LHB Dante Aristizabal
|
0-0: Ground out 6-3 (Groundball, 6)
|
Batting: RHB Harlan Thompson
|
0-0: Fly out, F9 (Line Drive, 9S)
|
Batting: LHB Steve Costillo
|
0-0: Ball 1-0: Foul Ball, location: 2F 1-1: Fly out, F6 (Line Drive, 56)
|
Bottom of the 3rd over - 0 runs, 0 hits, 0 errors, 0 left on base; San Antonio 1 - Durham 0 |
TOP OF THE 4TH |
San Antonio BC batting - Pitching for Durham Rapiers : RHP Travis Arai
|
Batting: RHB Mike Howard
|
0-0: SINGLE (Line Drive, 8LS)
|
Batting: RHB Chet Mathis
|
0-0: Ball Mike Howard steals 2nd base 1-0: Ball 2-0: Ball 3-0: Base on Balls
|
Batting: RHB José Salinas
|
0-0: Ball 1-0: Ball 2-0: Grounds into double play, 6-4-3 (Groundball, 6) Mike Howard to third
|
Batting: RHB Silverberry Mouhon
|
0-0: Ball 1-0: Ball 2-0: Fly out, F8 (Flyball, 8LS)
|
Top of the 4th over - 0 runs, 1 hit, 0 errors, 1 left on base; San Antonio 1 - Durham 0 |
BOTTOM OF THE 4TH |
Durham Rapiers batting - Pitching for San Antonio BC : RHP Dru Krebs
|
Batting: RHB Juan Guzmán
|
0-0: Swinging Strike 0-1: Called Strike 0-2: Foul Ball, location: 2F 0-2: Ball 1-2: Strikes out swinging
|
Batting: RHB Mun-wah Law
|
0-0: Ball 1-0: Called Strike 1-1: SOLO HOME RUN (Flyball, 7LD), Distance : 343 ft
|
Batting: RHB Qwuntrezz Knight
|
0-0: Ball 1-0: Called Strike 1-1: Ball 2-1: Ball 3-1: Called Strike 3-2: Foul Ball, location: 2F 3-2: Foul Ball, location: 2F 3-2: Base on Balls
|
Batting: RHB Huai-yi Yang
|
0-0: Ball 1-0: Fly out, F8 (Flyball, 8LM)
|
Batting: RHB Scotty Glenn
|
0-0: Foul Ball, location: 2F 0-1: Foul Ball, location: 2F 0-2: Ball 1-2: Ball 2-2: Foul Ball, location: 2F 2-2: Fly out, F9 (Flyball, 89M)
|
Bottom of the 4th over - 1 run, 1 hit, 0 errors, 1 left on base; San Antonio 1 - Durham 1 |
TOP OF THE 5TH |
San Antonio BC batting - Pitching for Durham Rapiers : RHP Travis Arai
|
Batting: SHB Tom Chagolla
|
0-0: Called Strike 0-1: Foul Ball, location: 2F 0-2: Foul Ball, location: 2F 0-2: Ground out 5-3 (Groundball, 5)
|
Batting: RHB Brodie Floyd
|
0-0: Ball 1-0: Called Strike 1-1: Foul Ball, location: 2F 1-2: Strikes out swinging, 2-3 out at first.
|
Batting: RHB Tong-sik Im
|
0-0: Swinging Strike 0-1: Foul Ball, location: 2F 0-2: Ball 1-2: Ground out 5-3 (Groundball, 56)
|
Top of the 5th over - 0 runs, 0 hits, 0 errors, 0 left on base; San Antonio 1 - Durham 1 |
BOTTOM OF THE 5TH |
Durham Rapiers batting - Pitching for San Antonio BC : RHP Dru Krebs
|
Batting: RHB Tso-i Wang
|
0-0: Ball 1-0: Swinging Strike 1-1: Swinging Strike 1-2: Ball 2-2: Foul Ball, location: 2F 2-2: Foul Ball, location: 2F 2-2: Strikes out swinging
|
Batting: LHB Dante Aristizabal
|
0-0: Ball 1-0: Called Strike 1-1: SINGLE (Groundball, 34D)
|
Batting: RHB Harlan Thompson
|
0-0: Ball 1-0: Foul Ball, location: 2F 1-1: Ball 2-1: Called Strike 2-2: Foul Ball, location: 2F 2-2: Ball 3-2: Grounds into double play, 5-4-3 (Groundball, 56)
|
Bottom of the 5th over - 0 runs, 1 hit, 0 errors, 0 left on base; San Antonio 1 - Durham 1 |
TOP OF THE 6TH |
San Antonio BC batting - Pitching for Durham Rapiers : RHP Travis Arai
|
Batting: LHB Sidney Dollarhide
|
0-0: Called Strike 0-1: Ball 1-1: Foul Ball, location: 2F 1-2: Ball 2-2: Fly out, F7 (Flyball, 7)
|
Batting: RHB Alfonso Torres
|
0-0: Ball 1-0: Ball 2-0: Called Strike 2-1: Ground out 4-3 (Groundball, 4S)
|
Batting: RHB Mike Howard
|
0-0: Foul Ball, location: 2F 0-1: Ball 1-1: Called Strike 1-2: Ball 2-2: Ball 3-2: Ground out 6-3 (Groundball, 6)
|
Top of the 6th over - 0 runs, 0 hits, 0 errors, 0 left on base; San Antonio 1 - Durham 1 |
BOTTOM OF THE 6TH |
Durham Rapiers batting - Pitching for San Antonio BC : RHP Dru Krebs
|
Batting: LHB Steve Costillo
|
0-0: Called Strike 0-1: Ball 1-1: Ball 2-1: Foul Ball, location: 2F 2-2: Ball 3-2: Fly out, F9 (Flyball, 9S)
|
Batting: RHB Juan Guzmán
|
0-0: SINGLE (Flyball, 78M)
|
Batting: RHB Mun-wah Law
|
0-0: Ball 1-0: Swinging Strike 1-1: Fly out, F7 (Flyball, 7)
|
Batting: RHB Qwuntrezz Knight
|
0-0: Ball 1-0: Foul Ball, location: 2F 1-1: Ball 2-1: SINGLE (Line Drive, 78S) Juan Guzmán to second
|
Batting: RHB Huai-yi Yang
|
0-0: Foul Ball, location: 2F 0-1: Ball 1-1: Ball 2-1: Ball 3-1: Fly out, F6 (Line Drive, 6M)
|
Bottom of the 6th over - 0 runs, 2 hits, 0 errors, 2 left on base; San Antonio 1 - Durham 1 |
TOP OF THE 7TH |
San Antonio BC batting - Pitching for Durham Rapiers : RHP Travis Arai
|
Batting: RHB Chet Mathis
|
0-0: Ball 1-0: Ball 2-0: Ball 3-0: Called Strike 3-1: SINGLE (Groundball, 56D)
|
Batting: RHB José Salinas
|
0-0: Ball 1-0: Ball 2-0: Foul Ball, location: 2F 2-1: Foul Ball, location: 2F 2-2: Foul Ball, location: 2F 2-2: Ball 3-2: Base on Balls Chet Mathis to second
|
Batting: RHB Silverberry Mouhon
|
0-0: Ball 1-0: Foul Ball, location: 2F 1-1: Foul Ball, location: 2F 1-2: Ball 2-2: Foul Ball, location: 2F 2-2: Ball 3-2: Strikes out swinging
|
Batting: SHB Tom Chagolla
|
0-0: Ball 1-0: Called Strike 1-1: Fielders Choice at 2nd, 4-6 (Groundball, 4) Chet Mathis to third
|
Batting: RHB Brodie Floyd
|
0-0: Ball 1-0: Foul Ball, location: 2F 1-1: Ball 2-1: Foul Ball, location: 2F 2-2: Foul Ball, location: 2F 2-2: Foul Ball, location: 2F 2-2: Ball 3-2: Ground out 6-3 (Groundball, 56)
|
Top of the 7th over - 0 runs, 1 hit, 0 errors, 2 left on base; San Antonio 1 - Durham 1 |
BOTTOM OF THE 7TH |
Durham Rapiers batting - Pitching for San Antonio BC : RHP Dru Krebs
|
Batting: RHB Scotty Glenn
|
0-0: Foul Ball, location: 2F 0-1: Ball 1-1: Ball 2-1: SINGLE (Flyball, 89S)
|
Batting: RHB Tso-i Wang
|
0-0: Foul Ball, location: 2F 0-1: Hit by Pitch Scotty Glenn to second
|
Batting: LHB Dante Aristizabal
|
0-0: Called Strike 0-1: Foul Ball, location: 2F 0-2: Fly out, F7 (Flyball, 7)
|
Batting: RHB Harlan Thompson
|
0-0: Called Strike 0-1: Ball 1-1: Foul Ball, location: 2F 1-2: Strikes out swinging
|
Pitching: LHP Andrew Valdés
|
|
Pinch Hitting: RHB Mason Congdon
|
0-0: Ball 1-0: DOUBLE (Line Drive, 7LM) Scotty Glenn scores Tso-i Wang to third
|
Batting: RHB Juan Guzmán
|
0-0: Ball 1-0: Ball 2-0: SINGLE (Line Drive, 89S) Tso-i Wang scores Mason Congdon to third
|
Batting: RHB Mun-wah Law
|
0-0: SINGLE (Line Drive, 4MD) Mason Congdon scores Juan Guzmán to second Runner from 2nd tries for 3rd, SAFE, no throw
|
Batting: RHB Qwuntrezz Knight
|
0-0: Ball 1-0: Called Strike 1-1: Foul Ball, location: 2F 1-2: Fly out, F6 (Line Drive, 56)
|
Bottom of the 7th over - 3 runs, 4 hits, 0 errors, 2 left on base; San Antonio 1 - Durham 4 |
TOP OF THE 8TH |
San Antonio BC batting - Pitching for Durham Rapiers : RHP Travis Arai
|
Pitching: RHP Rusty Maxson
|
|
Now at SS: Milos Jaksch
|
|
Batting: RHB Tong-sik Im
|
0-0: Swinging Strike 0-1: Foul Ball, location: 2F 0-2: Foul Ball, location: 2F 0-2: Fly out, F8 (Flyball, 8LD)
|
Batting: LHB Sidney Dollarhide
|
0-0: Called Strike 0-1: Foul Ball, location: 2F 0-2: Ball 1-2: Ball 2-2: Ground out 4-3 (Groundball, 4MS)
|
Batting: RHB Alfonso Torres
|
0-0: Ball 1-0: Foul Ball, location: 2F 1-1: Called Strike 1-2: Strikes out looking
|
Top of the 8th over - 0 runs, 0 hits, 0 errors, 0 left on base; San Antonio 1 - Durham 4 |
BOTTOM OF THE 8TH |
Durham Rapiers batting - Pitching for San Antonio BC : LHP Andrew Valdés
|
Batting: RHB Huai-yi Yang
|
0-0: Fly out, F5 (Popup, 25F)
|
Batting: RHB Scotty Glenn
|
0-0: Called Strike 0-1: Foul Ball, location: 2F 0-2: Ball 1-2: Fly out, F9 (Flyball, 9S)
|
Batting: RHB Tso-i Wang
|
0-0: DOUBLE (Flyball, 89D)
|
Batting: LHB Dante Aristizabal
|
0-0: Foul Ball, location: 2F 0-1: Ball 1-1: SINGLE (Flyball, 78M) Tso-i Wang to third Runner from 3rd tries for Home, SAFE, no throw
|
Pitching: RHP Clyde Pell
|
|
Batting: RHB Harlan Thompson
|
0-0: Ball 1-0: Swinging Strike 1-1: Ball 2-1: Ball 3-1: Base on Balls Dante Aristizabal to second
|
Batting: RHB Milos Jaksch
|
0-0: Called Strike 0-1: Ball 1-1: Fly out, F4 (Popup, 4)
|
Bottom of the 8th over - 1 run, 2 hits, 0 errors, 2 left on base; San Antonio 1 - Durham 5 |
TOP OF THE 9TH |
San Antonio BC batting - Pitching for Durham Rapiers : RHP Rusty Maxson
|
Batting: RHB Mike Howard
|
0-0: Called Strike 0-1: Ball 1-1: Fly out, F4 (Flyball, 4MD)
|
Batting: RHB Chet Mathis
|
0-0: Called Strike 0-1: Ball 1-1: Ball 2-1: Swinging Strike 2-2: Ball 3-2: Base on Balls
|
Batting: RHB José Salinas
|
0-0: Swinging Strike Passed Ball! Chet Mathis to second 0-1: Ball 1-1: Foul Ball, location: 2F 1-2: Strikes out looking
|
Batting: RHB Silverberry Mouhon
|
0-0: Called Strike 0-1: Ball 1-1: Foul Ball, location: 2F 1-2: Hit by Pitch
|
Batting: SHB Tom Chagolla
|
0-0: Swinging Strike 0-1: Ball 1-1: Ball 2-1: Ball 3-1: Base on Balls Chet Mathis to third Silverberry Mouhon to second
|
Batting: RHB Brodie Floyd
|
0-0: GRAND SLAM HOME RUN (Line Drive, 78XD), Distance : 436 ft
|
Pitching: RHP Carol van Emden
|
|
Pinch Hitting: RHB Tom Bancroft
|
0-0: Called Strike 0-1: Ball 1-1: Swinging Strike 1-2: Foul Ball, location: 2F 1-2: Ball 2-2: Ball 3-2: Base on Balls
|
Batting: LHB Sidney Dollarhide
|
0-0: Called Strike 0-1: Ball 1-1: Called Strike 1-2: Ball Tom Bancroft steals 2nd base 2-2: Ball 3-2: Base on Balls
|
Batting: RHB Alfonso Torres
|
0-0: Swinging Strike 0-1: Ground out 1-3 (Groundball, P)
|
Top of the 9th over - 4 runs, 1 hit, 0 errors, 2 left on base; San Antonio 5 - Durham 5 |
BOTTOM OF THE 9TH |
Durham Rapiers batting - Pitching for San Antonio BC : RHP Clyde Pell
|
Now at SS: Tom Bancroft
|
|
Batting: RHB Juan Guzmán
|
0-0: Ground out 6-3 (Groundball, 6)
|
Batting: RHB Mun-wah Law
|
0-0: Ball 1-0: Called Strike 1-1: Fly out, F7 (Line Drive, 7)
|
Batting: RHB Qwuntrezz Knight
|
0-0: Ball 1-0: Called Strike 1-1: Swinging Strike 1-2: Foul Ball, location: 2F 1-2: Ball 2-2: Strikes out swinging wild pitch, reaches first!
|
Pinch Runner at 1st Yoshi Kouda:
|
|
Batting: RHB Huai-yi Yang
|
0-0: Ball 1-0: Foul Ball, location: 2F 1-1: SINGLE (Flyball, 8LS) Yoshi Kouda to second
|
Batting: RHB Scotty Glenn
|
0-0: Ball 1-0: Ball 2-0: Called Strike 2-1: Foul Ball, location: 2F 2-2: Strikes out swinging
|
Bottom of the 9th over - 0 runs, 1 hit, 0 errors, 2 left on base; San Antonio 5 - Durham 5 |
TOP OF THE 10TH |
San Antonio BC batting - Pitching for Durham Rapiers : RHP Carol van Emden
|
Now in CF: Yoshi Kouda
|
|
Batting: RHB Mike Howard
|
0-0: Ground out 6-3 (Groundball, 6)
|
Batting: RHB Chet Mathis
|
0-0: Swinging Strike 0-1: Ball 1-1: Swinging Strike 1-2: Strikes out swinging
|
Batting: RHB José Salinas
|
0-0: Called Strike 0-1: Ground out 6-3 (Groundball, 6)
|
Top of the 10th over - 0 runs, 0 hits, 0 errors, 0 left on base; San Antonio 5 - Durham 5 |
BOTTOM OF THE 10TH |
Durham Rapiers batting - Pitching for San Antonio BC : RHP Clyde Pell
|
Pitching: RHP Ken Peterson
|
|
Batting: RHB Tso-i Wang
|
0-0: Called Strike 0-1: Fly out, F7 (Flyball, 7)
|
Batting: LHB Dante Aristizabal
|
0-0: DOUBLE (Line Drive, 78D)
|
Batting: RHB Harlan Thompson
|
0-0: Foul Ball, location: 2F 0-1: Foul Ball, location: 2F 0-2: Ball 1-2: Foul Ball, location: 2F 1-2: Foul Ball, location: 2F 1-2: Ball 2-2: Strikes out swinging
|
Batting: RHB Milos Jaksch
|
0-0: Called Strike 0-1: Swinging Strike 0-2: Ground out 4-3 (Groundball, 4)
|
Bottom of the 10th over - 0 runs, 1 hit, 0 errors, 1 left on base; San Antonio 5 - Durham 5 |
TOP OF THE 11TH |
San Antonio BC batting - Pitching for Durham Rapiers : RHP Carol van Emden
|
Batting: RHB Silverberry Mouhon
|
0-0: Called Strike 0-1: Ball 1-1: Ball 2-1: Ground out 6-3 (Groundball, 6MS)
|
Batting: SHB Tom Chagolla
|
0-0: Ball 1-0: Foul Ball, location: 2F 1-1: Foul Ball, location: 2F 1-2: Foul Ball, location: 2F 1-2: Fly out, F8 (Flyball, 8RM)
|
Batting: RHB Brodie Floyd
|
0-0: Swinging Strike 0-1: Called Strike 0-2: Strikes out swinging
|
Top of the 11th over - 0 runs, 0 hits, 0 errors, 0 left on base; San Antonio 5 - Durham 5 |
BOTTOM OF THE 11TH |
Durham Rapiers batting - Pitching for San Antonio BC : RHP Ken Peterson
|
Batting: RHB Juan Guzmán
|
0-0: Ball 1-0: Fly out, F8 (Flyball, 8LS)
|
Batting: RHB Mun-wah Law
|
0-0: Ball 1-0: Called Strike 1-1: Ball 2-1: Ground out 5-3 (Groundball, 5)
|
Pinch Hitting: RHB Salvador Esparza
|
0-0: Called Strike 0-1: Ball 1-1: Foul Ball, location: 2F 1-2: Ball 2-2: Strikes out looking
|
Bottom of the 11th over - 0 runs, 0 hits, 0 errors, 0 left on base; San Antonio 5 - Durham 5 |
TOP OF THE 12TH |
San Antonio BC batting - Pitching for Durham Rapiers : RHP Carol van Emden
|
Now in CF: Salvador Esparza
|
|
Batting: RHB Tom Bancroft
|
0-0: Ball 1-0: Ball 2-0: Ball 3-0: Base on Balls
|
Batting: LHB Sidney Dollarhide
|
0-0: Bunt missed! 0-1: Ball 1-1: Ball 2-1: Sac Bunt - play at first, batter OUT! 1-4 Tom Bancroft to second
|
Batting: RHB Alfonso Torres
|
0-0: Ball 1-0: Called Strike 1-1: Called Strike 1-2: Foul Ball, location: 2F 1-2: Strikes out swinging
|
Batting: RHB Mike Howard
|
0-0: Fly out, F8 (Line Drive, 78D)
|
Top of the 12th over - 0 runs, 0 hits, 0 errors, 1 left on base; San Antonio 5 - Durham 5 |
BOTTOM OF THE 12TH |
Durham Rapiers batting - Pitching for San Antonio BC : RHP Ken Peterson
|
Pitching: RHP Salvador Villegas
|
|
Batting: RHB Huai-yi Yang
|
0-0: Reached on error, E5 (Groundball, 56)
|
Batting: RHB Scotty Glenn
|
0-0: Ball 1-0: Foul Ball, location: 2F 1-1: Ball 2-1: Swinging Strike 2-2: Foul Ball, location: 2F 2-2: Foul Ball, location: 2F 2-2: Strikes out swinging
|
Batting: RHB Tso-i Wang
|
0-0: Called Strike 0-1: SINGLE (Line Drive, 6D) Huai-yi Yang to second
|
Batting: LHB Dante Aristizabal
|
0-0: Called Strike 0-1: Ball 1-1: Swinging Strike 1-2: Ball 2-2: Foul Ball, location: 2F 2-2: Strikes out swinging
|
Batting: RHB Harlan Thompson
|
0-0: Ball 1-0: Ball 2-0: Ball 3-0: Called Strike 3-1: Base on Balls Huai-yi Yang to third Tso-i Wang to second
|
Batting: RHB Milos Jaksch
|
0-0: Fly out, F9 (Flyball, 9S)
|
Bottom of the 12th over - 0 runs, 1 hit, 1 error, 3 left on base; San Antonio 5 - Durham 5 |
TOP OF THE 13TH |
San Antonio BC batting - Pitching for Durham Rapiers : RHP Carol van Emden
|
Batting: RHB Chet Mathis
|
0-0: Ball 1-0: Fly out, F4 (Line Drive, 4M)
|
Batting: RHB José Salinas
|
0-0: Ball 1-0: Ball 2-0: Ball 3-0: Called Strike 3-1: Called Strike 3-2: SINGLE (Line Drive, 4MD)
|
Batting: RHB Silverberry Mouhon
|
0-0: Ball 1-0: Ball 2-0: Foul Ball, location: 2F 2-1: Reached on error, E1 (Groundball, 15) José Salinas to second
|
Batting: SHB Tom Chagolla
|
0-0: Ball 1-0: SINGLE (Line Drive, 6D) José Salinas to third Silverberry Mouhon to second
|
Batting: RHB Brodie Floyd
|
0-0: Called Strike 0-1: Foul Ball, location: 2F 0-2: GRAND SLAM HOME RUN (Flyball, 7LD), Distance : 355 ft
|
Batting: RHB Tom Bancroft
|
0-0: Swinging Strike 0-1: Foul Ball, location: 2F 0-2: Ground out 5-3 (Groundball, 56S)
|
Batting: LHB Sidney Dollarhide
|
0-0: Called Strike 0-1: Swinging Strike 0-2: Ball 1-2: Strikes out swinging
|
Top of the 13th over - 4 runs, 3 hits, 1 error, 0 left on base; San Antonio 9 - Durham 5 |
BOTTOM OF THE 13TH |
Durham Rapiers batting - Pitching for San Antonio BC : RHP Salvador Villegas
|
Batting: RHB Juan Guzmán
|
0-0: Ball 1-0: Called Strike 1-1: SINGLE (Flyball, 89S)
|
Batting: RHB Mun-wah Law
|
0-0: Called Strike 0-1: Foul Ball, location: 2F 0-2: Ball 1-2: SINGLE (Line Drive, 6MD) Juan Guzmán to second
|
Batting: RHB Salvador Esparza
|
0-0: Ball 1-0: SINGLE (Line Drive, 6M) Juan Guzmán to third Mun-wah Law to second
|
Batting: RHB Huai-yi Yang
|
0-0: SINGLE (Groundball, 56D) Juan Guzmán scores Mun-wah Law to third Salvador Esparza to second
|
Batting: RHB Scotty Glenn
|
0-0: Called Strike 0-1: Ball 1-1: Called Strike 1-2: Strikes out looking
|
Batting: RHB Tso-i Wang
|
0-0: Ball 1-0: Swinging Strike 1-1: Foul Ball, location: 2F 1-2: SINGLE (Groundball, 56D) Mun-wah Law scores Salvador Esparza to third Huai-yi Yang to second
|
Batting: LHB Dante Aristizabal
|
0-0: Swinging Strike 0-1: Grounds into double play, 1-2-3 (Groundball, 13)
|
Bottom of the 13th over - 2 runs, 5 hits, 0 errors, 2 left on base; San Antonio 9 - Durham 7 |
|